Map: Cyber Forest LE

Players

Serral - Winner!

  • Race: Zerg Zerg
  • Spawn Location: 5:00

PtitDrogo

  • Race: Protoss Protoss
  • League: Master
  • Spawn Location: 11:00

Event: 2019 WCS Winter Europe

VOD

Have the link to the VOD?

Description

Time

  • Played on: April 7, 2019, 1:40 p.m.
  • Length: 10:30

All games in this series

Show
View Real Time Build Order
Export as new Build Order

Serral Zerg - Winner!

Build Orders: Hatch First 

Get SALT Encoding   

  12  0:00  Drone  
  13  0:08  Drone  
  14  0:17  Overlord  
  14  0:22  Extractor  
  14  0:24  Drone  
  15  0:45  Hatchery  
  15  0:48  Drone  
  15  0:52  Drone  
  15  0:56  Drone  
  17  1:10  Spawning Pool  
  16  1:13  Extractor  
  16  1:15  Drone  
  16  1:19  Drone  
  16  1:21  Drone  
  18  1:31  Drone  
  19  1:42  Drone  
  20  1:52  Overlord  
  20  1:57  Queen x2  
  20  1:58  Zergling x2  
  25  2:03  Drone  
  26  2:08  Drone  
  26  2:12  Metabolic Boost  
  26  2:14  Drone  
  28  2:19  Drone  
  29  2:25  Drone  
  30  2:38  Hatchery  
  30  2:42  Drone  
  30  2:44  Overlord  
  30  2:47  Drone  
  30  2:50  Drone  
  32  2:53  Overlord  
  32  2:57  Drone  
  33  3:02  Queen  
  33  3:04  Drone  
  36  3:11  Drone x2  
  36  3:12  Drone  
  39  3:13  Drone  
  39  3:15  Drone  
  39  3:17  Drone  
  42  3:24  Lair  
  42  3:31  Zergling x2  
  42  3:33  Zergling x2  
  44  3:36  Overlord  
  44  3:40  Extractor  
  44  3:41  Drone x2, Extractor  
  44  3:50  Queen x2  
  44  3:51  Drone x2  
  44  3:54  Drone  
  51  3:57  Drone x2  
  51  3:59  Drone  
  51  4:01  Overlord  
  54  4:05  Zergling x2  
  54  4:06  Zergling x2  
  54  4:09  Drone  
  57  4:10  Drone  
  57  4:16  Overlord  
  57  4:22  Overseer  
  57  4:23  Overseer  
  58  4:24  Zergling x10  
  58  4:29  Drone, Zergling x2  
  58  4:31  Zergling x2  
  65  4:34  Overlord  
  65  4:37  Hydralisk Den  
  64  4:39  Drone  
  64  4:42  Zergling x2  
  66  4:47  Zergling x8  
  64  4:54  Drone x3  
  64  4:58  Drone x6  
  71  5:01  Overlord  
  71  5:08  Muscular Augments  
  71  5:11  Drone x2  
  73  5:26  Drone x2  
  73  5:28  Drone x2  
  76  5:31  Hydralisk x6  
  76  5:34  Extractor  
  76  5:35  Extractor, Evolution Chamber  
  85  5:39  Hydralisk x2  
  88  5:43  Drone x2  
  88  5:49  Baneling Nest  
  89  5:51  Overlord  
  89  5:55  Overlord  
  89  5:57  Overseer  
  89  5:58  Overlord x2  
  89  6:02  Overlord, Zerg Missile Weapons Level 1  
  89  6:11  Overlord  
  89  6:16  Drone x6  
  89  6:17  Hydralisk x2  
  98  6:18  Zergling x2  
  98  6:19  Zergling x2  
  98  6:20  Grooved Spines  
  98  6:24  Zergling x2  
  101  6:28  Zergling x12  
  107  6:39  Hydralisk  
  103  6:40  Hydralisk x4  
  108  6:52  Hydralisk x5  
  113  7:01  Drone  
  113  7:03  Centrifical Hooks  
  114  7:08  Hatchery  
  114  7:13  Hydralisk x4  
  119  7:17  Overlord  
  119  7:18  Overlord  
  119  7:24  Drone  
  119  7:25  Drone x3, Extractor  
  122  7:30  Zergling x2, Hydralisk x2  
  122  7:31  Zergling x4  
  129  7:38  Overlord  
  129  7:39  Overlord  
  129  7:41  Hydralisk x2  
  129  7:42  Zergling x2  
  134  7:52  Drone x4  
  134  7:56  Drone x4  
  134  7:57  Baneling x3  
  134  7:58  Baneling x6  
  141  8:00  Drone x2  
  141  8:02  Zerg Missile Weapons Level 2  
  143  8:06  Zergling x2, Hydralisk x2  
  143  8:11  Overlord  
  147  8:13  Overlord  
  147  8:17  Hydralisk x2  
  147  8:18  Hydralisk  
  153  8:25  Zergling x12  
  152  8:34  Zergling x14  
  159  8:43  Hydralisk x2  
  159  8:44  Zergling x4  
  159  8:56  Hydralisk x3  
  159  8:57  Zergling x10  
  159  9:01  Drone  
  171  9:04  Baneling  
  171  9:05  Baneling x17  
  171  9:09  Baneling x4  
  171  9:12  Overlord  
  171  9:13  Overlord  
  171  9:14  Zergling x6  
  174  9:18  Zergling x8  
  174  9:20  Overseer  
  178  9:27  Zergling x12  
  179  9:34  Hatchery  
  179  9:37  Drone  
  179  9:45  Hydralisk x4  
  181  9:46  Zergling x14  
  181  9:50  Zergling x8  
  181  9:52  Zergling x6  
  180  9:59  Infestation Pit  
  175  10:00  Overseer  
  175  10:02  Zergling x2  
  175  10:03  Zergling x8  
Show
View Real Time Build Order
Export as new Build Order

PtitDrogo Protoss 

Build Orders: 1 Gate Expand, Archon Immortal, Archon Drop, Dark Templar Rush 

Get SALT Encoding   

  12  0:00  Probe  
  13  0:12  Probe  
  14  0:19  Pylon  
  14  0:25  Probe  
  14  0:27  Assimilator  
  15  0:33  Probe  
  15  0:42  Probe  
  16  0:43  Gateway  
  17  0:52  Probe  
  18  1:04  Probe  
  19  1:16  Probe  
  20  1:24  Nexus  
  20  1:32  Cybernetics Core  
  20  1:35  Probe  
  21  1:41  Assimilator  
  21  1:47  Probe  
  21  1:50  Pylon  
  22  2:00  Probe  
  23  2:09  Stalker  
  23  2:13  Twilight Council, Probe  
  26  2:18  Warp Gate  
  26  2:25  Probe  
  27  2:32  Probe  
  28  2:37  Probe  
  28  2:39  Adept  
  28  2:42  Robotics Facility, Probe  
  31  2:49  Probe  
  33  2:53  Probe  
  34  3:01  Probe  
  34  3:05  Dark Shrine, Probe  
  36  3:13  Gateway  
  36  3:18  Probe x2  
  38  3:24  Gateway  
  38  3:25  Warp Prism  
  38  3:28  Gateway  
  38  3:37  Probe  
  38  3:38  Probe  
  42  3:44  Assimilator  
  42  3:46  Assimilator  
  42  3:49  Probe  
  42  3:50  Probe  
  42  3:52  Pylon  
  44  3:57  Pylon  
  44  4:01  Probe  
  45  4:04  Probe  
  46  4:10  Adept  
  46  4:14  Probe  
  49  4:17  Probe  
  50  4:26  Probe  
  50  4:27  Dark Templar x3  
  50  4:28  Dark Templar  
  59  4:40  Pylon  
  59  4:42  Pylon  
  59  4:45  Probe x2  
  59  4:56  Charge, Archon  
  55  5:01  Nexus, Probe  
  55  5:02  Probe  
  55  5:06  Warp Prism  
  57  5:08  Dark Templar  
  57  5:12  Dark Templar  
  61  5:15  Archon  
  61  5:18  Probe  
  61  5:19  Probe  
  65  5:28  Forge  
  65  5:31  Probe  
  65  5:32  Probe  
  67  5:36  Immortal  
  67  5:43  Pylon, Probe  
  67  5:44  Probe  
  73  5:55  Probe  
  73  5:56  Probe  
  75  6:00  Dark Templar  
  75  6:01  Dark Templar  
  75  6:02  Sentry x2  
  83  6:05  Archon  
  83  6:07  Probe  
  83  6:08  Protoss Ground Weapons Level 1, Probe  
  83  6:09  Observer  
  85  6:12  Probe  
  85  6:15  Gateway  
  85  6:18  Gateway  
  87  6:19  Probe  
  87  6:20  Probe x2  
  90  6:29  Pylon  
  90  6:31  Pylon, Probe  
  90  6:32  Probe  
  88  6:56  Gateway  
  88  6:58  Templar Archives  
  88  7:00  Gateway, Dark Templar x2  
  88  7:02  Gateway  
  88  7:04  Archon  
  88  7:05  Assimilator, Zealot x2  
  92  7:09  Zealot  
  94  7:16  Zealot  
  96  7:25  Probe  
  96  7:26  Probe  
  96  7:28  Assimilator  
  98  7:32  Probe  
  98  7:34  High Templar x2  
  98  7:35  Zealot x3  
  98  7:36  Immortal  
  109  7:38  Pylon  
  109  7:39  Pylon  
  109  7:41  Archon  
  109  7:43  Pylon  
  109  7:44  Pylon  
  109  7:47  Photon Cannon  
  113  7:55  Pylon  
  113  7:58  High Templar x2  
  115  7:59  Zealot x5  
  115  8:04  Archon  
  127  8:07  Nexus, Immortal  
  127  8:08  Protoss Ground Weapons Level 2  
  127  8:10  Pylon  
  129  8:26  Zealot x7  
  134  8:29  Probe  
  123  8:36  Zealot x2  
  123  8:39  Immortal  
  123  8:40  Probe  
  128  8:47  Zealot x3  
  100  8:59  Sentry, High Templar x2  
  100  9:00  Zealot, High Templar x2  
  112  9:04  Archon x2  
  112  9:07  Probe  
  112  9:08  Probe x2  
  115  9:11  High Templar  
  115  9:13  High Templar  
  115  9:14  Zealot  
  121  9:17  Archon  
  121  9:22  Dark Templar  
  123  9:29  Probe  
  120  9:33  Zealot x4  
  120  9:34  Zealot  
  130  9:38  Zealot  
  131  9:48  Zealot x2  
  82  9:53  Probe  
  82  9:57  Dark Templar x4  
  70  10:01  Dark Templar x4  
  70  10:02  Dark Templar  
  70  10:04  Probe  
  67  10:09  Zealot x3  
  67  10:10  Probe  
  67  10:13  Probe  
  69  10:16  Probe  
Tags
 
Add a new tag
Caveats
  • Supply blocks, unpowered buildings, or Contaminate may cause inaccurate times.
  • Supply counts are checked every 10 seconds.